 Dungeon Crawl Stone Soup version 0.29-a0-334-gb41bcbb86e (webtiles) character file.

Game seed: 5807403256949141066

1930 chopper the Protected (level 8, -2/68 (69) HPs)
             Began as a Minotaur Fighter on Apr 15, 2022.
             Was a Priest of Okawaru.
             Succumbed to a wight's poison
             ... on level 5 of the Dungeon.
             The game lasted 00:31:09 (6720 turns).

chopper the Protected (Minotaur Fighter)            Turns: 6720, Time: 00:31:10

HP:   -2/68 (69)    AC: 11    Str: 21    XL:     8   Next: 97%
MP:   7/7           EV:  6    Int:  5    God:    Okawaru [***...]
Gold: 185           SH: 16    Dex: 16    Spells: 7/7 levels left

rFire   + . .      SeeInvis .   y - +4 spear of the Endless March {drain, Dex+4}
rCold   . . .      Faith    .   g - +0 tower shield
rNeg    . . .      Spirit   .   w - +0 chain mail
rPois   .          Reflect  .   (helmet restricted)
rElec   .          Harm     .   (no cloak)
rCorr   .          Rampage  .   (no gloves)
Will    .....                   (no boots)
Stlth   ..........              (no amulet)
HPRegen 0.21/turn               i - ring of protection from fire
MPRegen 0.10/turn               (no ring)

@: mighty, lethally poisoned (-2 -> -20), lightly drained
A: horns 2, retaliatory headbutt
a: Renounce Religion, Heroism


You were on level 5 of the Dungeon.
You worshipped Okawaru.
Okawaru was most pleased with you.
You visited 1 branch of the dungeon, and saw 6 of its levels.

You collected 250 gold pieces.
You spent 65 gold pieces at shops.

Inventory:

Hand Weapons
 a - a +0 war axe
 u - a +2 dagger of electrocution
 y - the +4 spear of the Endless March (weapon) {drain, Dex+4}
   (You found it on level 3 of the Dungeon)

   A truly terrible weapon, it drains the life of any living foe it strikes.
   Dex:       It affects your dexterity (+4).
 D - the +4 dagger "Morg" {pain, Will+ Int+5}
   (You found it on level 5 of the Dungeon)

   In the hands of one skilled in necromantic magic, it inflicts extra damage on
   living creatures.
   Int:       It affects your intelligence (+5).
   Will:      It increases your willpower.
 G - the +5 shortbow of Vanity {venom, rElec Str+3}
   (You found it on level 6 of the Dungeon)

   Any ammunition fired from it poisons the flesh of those it strikes.
   Str:       It affects your strength (+3).
   rElec:     It insulates you from electricity.
Missiles
 C - 12 javelins (quivered)
Armour
 g - a +0 tower shield (worn)
 w - a +0 chain mail (worn)
Jewellery
 f - a ring of wizardry
 i - a ring of protection from fire (left hand)
Wands
 E - a wand of iceblast (10)
Scrolls
 b - a scroll of fear
 c - a scroll of summoning {unknown}
 e - 2 scrolls of magic mapping
 h - 2 scrolls of vulnerability {unknown}
 l - a scroll of enchant armour {unknown}
 s - 2 scrolls of noise
 t - 2 scrolls of torment {unknown}
 x - a scroll of teleportation {unknown}
 A - a scroll of silence {unknown}
 B - a scroll of enchant weapon {unknown}
 F - a scroll of blinking {unknown}
Potions
 d - a potion of might
 j - 6 potions of curing
 k - 2 potions of degeneration
 m - a potion of berserk rage {unknown}
 n - 3 potions of lignification
 o - a potion of invisibility {unknown}
 p - a potion of haste {unknown}
 q - 2 potions of ambrosia {unknown}
 r - 2 potions of magic {unknown}
 v - 2 potions of brilliance {unknown}
 z - 3 potions of attraction


   Skills:
 + Level 5.6 Fighting
 + Level 4.3(5.8) Axes
 + Level 6.1(6.7) Polearms
 + Level 8.3 Armour
 + Level 3.0 Dodging
 + Level 0.6 Stealth
 + Level 8.1 Shields


You had 7 spell levels left.
You didn't know any spells.
Your spell library contained the following spells:

 Spells                   Type           Power      Damage    Failure   Level
 Scorch                   Fire           0%         2d5       100%        2
 Sublimation of Blood     Necr           0%         N/A       100%        2
 Conjure Flame            Conj/Fire      0%         6-21      100%        3
 Ignite Poison            Fire/Tmut/Pois 0%         N/A       100%        3
 Flame Wave               Conj/Fire      0%         2d4       100%        4
 Petrify                  Tmut/Erth      0%         N/A       100%        4
 Sticky Flame             Conj/Fire      0%         2d3       100%        4
 Irradiate                Conj/Tmut      0%         3d13      100%        5
 Summon Small Mammal      Summ           Unusable   N/A       N/A         1
 Call Canine Familiar     Summ           Unusable   N/A       N/A         3
 Summon Guardian Golem    Hex/Summ       Unusable   N/A       N/A         3
 Summon Cactus Giant      Summ           Unusable   N/A       N/A         6

Dungeon Overview and Level Annotations

Branches:
Dungeon (6/15)             Temple (0/1) D:4

Altars:
Okawaru
Uskayaw

Shops:
D:5 !


Innate Abilities, Weirdness & Mutations

You have a pair of horns on your head.
You reflexively headbutt those who attack you in melee.


Message History

Edmund is moderately wounded.
You feel very sick. You block Edmund's attack. You block the wight's attack.
You hit Edmund but do no damage. You headbutt Edmund, but do no damage.
Edmund is moderately wounded.
You feel very sick. Edmund hits you but does no damage.
The wight barely misses you.
You hit Edmund.
Edmund is moderately wounded.
You feel sick. You block Edmund's attack. The wight barely misses you.
The wight closely misses you. Edmund hits you but does no damage.
You hit Edmund. You drain Edmund. Your headbutt misses Edmund.
Edmund is heavily wounded.
You feel sick. You block Edmund's attack.
The wight hits you but does no damage.
You are more poisoned.
You feel very mighty all of a sudden.
You feel very sick. Edmund barely misses you. You block the wight's attack.
You puncture Edmund!
Edmund is severely wounded.
You feel very sick. You block Edmund's attack.
The wight hits you from afar with a +1 trident of venom.
You feel drained.
You are more poisoned.
You feel very sick. You block Edmund's attack.
The wight hits you from afar with a +1 trident of venom!
* * * LOW HITPOINT WARNING * * *
You are more poisoned.
You climb upwards.
* * * LOW HITPOINT WARNING * * *
You feel extremely sick.
There is a stone staircase leading down here.
You puncture Edmund! You headbutt Edmund.
You kill Edmund!
Okawaru is honoured by your kill.
Okawaru will now gift you ammunition as you gain piety.
You die...

..........#####........[.(.....#
...............................#
...............................#
...............................#
#####..........................#
# ##.........................##
#####...........................#
.##.............................#
................@...............#
...........<...)..<..............
.............................).##
.........|.....................##
..............................##
....(.........####...........##
#.............# #..........#
##...........## #.........##
##........### ##.##.....##


There were no monsters in sight!

Vanquished Creatures
  A steam dragon (D:6)
  Edmund (D:5)
  2 ice beasts (D:5)
  A black bear (D:6)
  2 ogres
  A centaur (D:6)
  Blork the orc (D:6)
  2 bullfrogs
  2 necrophages (D:5)
  3 scorpions
  2 wights (D:6)
  A hound (D:4)
  2 gnoll shamans (D:6)
  A jelly (D:5)
  3 orc priests
  Jessica (D:2)
  4 iguanas
  3 orc wizards
  6 adders
  15 gnolls
  A white imp (D:6)
  A worm (D:2)
  5 dart slugs
  3 orcs
  5 ball pythons
  9 bats
  7 endoplasms
  2 giant cockroaches
  10 goblins
  4 hobgoblins
  5 jackals (D:1)
  9 kobolds
  5 quokkas
  2 frilled lizards
  8 rats
130 creatures vanquished.

Notes
Turn   | Place    | Note
-------+----------+-------------------------------------------
     0 | D:1      | chopper the Minotaur Fighter began the quest for the Orb.
     0 | D:1      | Reached XP level 1. HP: 19/19 MP: 0/0
    87 | D:1      | Reached XP level 2. HP: 16/27 MP: 1/1
   913 | D:1      | Reached XP level 3. HP: 33/33 MP: 2/2
  1631 | D:2      | Noticed Jessica
  1635 | D:2      | Killed Jessica
  1636 | D:2      | Reached XP level 4. HP: 40/40 MP: 3/3
  2065 | D:2      | Found a faded altar of an unknown god.
  2148 | D:2      | Reached XP level 5. HP: 41/47 MP: 4/4
  2328 | D:3      | Found a hide-covered altar of Uskayaw.
  2690 | D:3      | Identified the +4 spear of the Endless March {drain, Dex+4}
  2699 | D:3      | Found an iron altar of Okawaru.
  2710 | D:3      | Became a worshipper of Warmaster Okawaru
  2810 | D:3      | Reached skill level 1 in Dodging
  2981 | D:4      | Reached skill level 5 in Armour
  3237 | D:4      | Reached XP level 6. HP: 53/53 MP: 5/5
  3253 | D:4      | Reached skill level 1 in Polearms
  3253 | D:4      | Reached skill level 5 in Shields
  3478 | D:4      | Found a staircase to the Ecumenical Temple.
  4209 | D:5      | Entered Level 5 of the Dungeon
  4259 | D:5      | Reached XP level 7. HP: 59/60 MP: 6/6
  4285 | D:5      | Reached * piety under Okawaru
  4409 | D:5      | Found Huvol's Distillery.
  4472 | D:5      | Found the +4 dagger "Morg" {pain, Will+ Int+5}
  4705 | D:5      | Reached skill level 5 in Fighting
  5001 | D:5      | Reached XP level 8. HP: 67/68 MP: 7/7
  5278 | D:5      | Bought a potion of heal wounds for 65 gold pieces
  5389 | D:6      | Identified the +5 shortbow of Vanity {venom, rElec Str+3}
  5480 | D:6      | Reached ** piety under Okawaru
  5489 | D:6      | Noticed Blork the orc
  5554 | D:6      | Reached skill level 5 in Polearms
  5563 | D:6      | Killed Blork the orc
  6422 | D:6      | Noticed Edmund
  6719 | D:5      | HP: 2/68 [poisoned by a wight]
  6720 | D:5      | Killed Edmund
  6720 | D:5      | Reached *** piety under Okawaru
  6720 | D:5      | Succumbed to a wight's poison

Illustrated notes

Levels and vault maps discovered:
D:1:      minmay_arrival_plants_in_alcoves, layout_basic
D:2:      layout_basic, ebering_ecumenical_altar_sacrificial,
          kennysheep_generic_room_11, uniq_jessica
D:3:      layout_rooms, nicolae_overflow_crystal_walls,
          kennysheep_okawaru_gauntlet
D:4:      layout_loops_ring, minmay_temple_entry_poolview, portal_sewer_entry_d
D:5:      layout_cave_pods, serial_shops, nicolae_shop_stone
D:6:      layout_basic, uniq_blork_the_orc, uniq_edmund

Skill      XL: |  1  2  3  4  5  6  7  8 |
---------------+-------------------------+-----
Fighting       | 4 5 |  5.6
Shields        | 4 5 6 8 |  8.1
Armour         | 4 5 6 7 8 |  8.3
Axes           | 3 4 |  4.3
Dodging        | 1 3 |  3.0
Polearms       | 2 4 6 |  6.1
Stealth        | |  0.6

Action                   |  1- 3 |  4- 6 |  7- 9 || total
-------------------------+-------+-------+-------++-------
Melee: War axe           |    64 |    60 |       ||   124
       Headbutt          |     4 |    14 |    30 ||    48
       Spear             |       |    67 |   156 ||   223
  Use: Scroll            |       |     6 |     2 ||     8
       Potion            |       |       |     2 ||     2
Armor: Scale mail        |    46 |    17 |       ||    63
       Chain mail        |       |    49 |    82 ||   131
Dodge: Dodged            |    29 |    19 |    37 ||    85
Block: Buckler           |     3 |       |       ||     3
       Tower shield      |    31 |   127 |   192 ||   350

Table legend: (Time is in decaauts)
 A = Elapsed time spent in this place.
 B = Non-inter-level travel time spent in this place.
 C = Inter-level travel time spent in this place.
 D = Time resting spent in this place.
 E = Time spent auto-exploring this place.
 F = Levels seen in this place.
 G = Mean time per level.
                   A        B        C        D        E       F      G
               +--------+--------+--------+--------+--------+-----+--------+
         Total |   6853 |   6853 |      0 |   1537 |      0 |   6 | 1142.2 |
       Dungeon |   6853 |   6853 |      0 |   1537 |      0 |   6 | 1142.2 |
               +--------+--------+--------+--------+--------+-----+--------+

Top non-repeatable levels by time:
     D:5: 1398 daAuts
     D:4: 1379 daAuts
     D:2: 1193 daAuts
     D:1: 1148 daAuts
     D:6: 1140 daAuts
     D:3: 593 daAuts
